Workbook
Name ___nit1: #REF!
Name __nit1: #REF!
Name _nit1: #REF!
Name A_impresión_IM: #REF!
Name aaa: MATCH(0.01,End_Bal,-1)+1
Name aaa: MATCH(0.01,End_Bal,-1)+1
Name agencias: [1]Listas!$U$2:$U$10
Name avvillas: #REF!
Name BANCOS: [2]BANCOS!$A$2:$A$25
Name Beg_Bal: #REF!
Name cartera: #REF!
Name clientes: #REF!
Name Data: #REF!
Name depositos: #REF!
Name DINERS: #REF!
Name End_Bal: #REF!
Name Extra_Pay: #REF!
Name FECHA: #REF!
Name Full_Print: #REF!
Name Header_Row: ROW(#REF!)
Name Int: #REF!
Name Interest_Rate: #REF!
Name ITEM: #REF!
Name Last_Row: IF([3]COOADAMS!Values_Entered,Header_Row+[3]COOADAMS!Number_of_Payments,Header_Row)
Name Last_Row: IF([3]COOADAMS!Values_Entered,Header_Row+[3]COOADAMS!Number_of_Payments,Header_Row)
Name Loan_Amount: #REF!
Name Loan_Start: #REF!
Name Loan_Years: #REF!
Name MONITOR: #REF!
Name MONITOR_AVVILLAS: #REF!
Name Net_Income: #REF!
Name NetIncomeGrowth: #REF!
Name nits: #REF!
Name NombreRango1: #REF!
Name Num_Pmt_Per_Year: #REF!
Name Number_of_Payments: MATCH(0.01,End_Bal,-1)+1
Name Number_of_Payments: MATCH(0.01,End_Bal,-1)+1
Name Other_Growth: #REF!
Name Pay_Date: #REF!
Name Pay_Num: #REF!
Name Payment_Date: DATE(YEAR(Loan_Start),MONTH(Loan_Start)+Payment_Number,DAY(Loan_Start))
Name Payment_Date: DATE(YEAR(Loan_Start),MONTH(Loan_Start)+Payment_Number,DAY(Loan_Start))
Name Princ: #REF!
Name Print_Area_Reset: OFFSET(Full_Print,0,0,'riesgo inherente-Anexo '!Last_Row)
Name Print_Area_Reset: OFFSET(Full_Print,0,0,Last_Row)
Name Rand1: #REF!
Name Rand2: #REF!
Name RangoBeneficiosNetos: [4]DatosResumen!$B$9:$B$19,[4]DatosResumen!$D$9:$D$19
Name Retail_Growth: #REF!
Name Revenue: #REF!
Name RevenueGrowth: #REF!
Name Sched_Pay: #REF!
Name Scheduled_Extra_Payments: #REF!
Name Scheduled_Interest_Rate: #REF!
Name Scheduled_Monthly_Payment: #REF!
Name sdfda: Scheduled_Payment+Extra_Payment
Name sdfda: Scheduled_Payment+Extra_Payment
Name seg: #REF!
Name TABLA: #REF!
Name tablasJG: #REF!

Sheet RIESGO INHERENTE 
C1: IDENTIFICACION DEL RIESGO | E1: EVALUACION DEL RIESGO INHERENTE | H1: EVALUACION DE LOS CONTROLES EXISTENTES | M1: RIESGO RESIDUAL | P1: TRATAMIENTO DEL RIESGO | S1: SEGUIMIENTO
A2: PROCESO | B2: Factor | C2: Que puede suceder | D2: Por qué puede suceder | E2: Probabilidad (Improbable: 1, Raro: 2, Potencial: 3, Probable: 4, Casi Certeza: 5) | F2: Impacto: Insignificante: 1 Menor: 2 Moderado: 3 Mayor: 4 Catastrófico: 5 | G2: RIESGO INHERENTE | H2: Descripción del Control Existente | I2: Responsable de la ejecución del Control | J2: Frecuencia de la aplicación del Control (permanente, periódica, esporádica, anual, única) | K2: Tipo de Control (Detectivo / Preventivo) | L2: Efectividad (Alta, Media, Baja) | M2: Reducción de la Probabilidad (1, 2, 3, 4, 5) donde 1 casi no la reduce y 5 la reduce al maximo | N2: Reducción del Impacto (1, 2, 3, 4, 5) donde 1 casi no reduce el impacto y 5 lo reduce al máximo | O2: RIESGO RESIDUAL | P2: Descripcion del Control Requerido | Q2: Responsable del Diseño e implementación | R2: Prioridad (Alta, Media, Baja) | S2: Responsable del Seguimiento | T2: Fecha de Seguimiento | U2: Estado de implementación (Planeación, Diseño, Prueba, Implementación, Funcionamiento)
A3: O | B3: Legal / Reputacional | C3: Operaciones ilicitas de lavado de dinero y activos, lo cual nos puede volver vulnerable para ser utilizados por los delincuentes en operaciones de lavado de dinero y activos | D3: No se tienen una definición de las líneas de crédito y los nichos de mercado | E3: 5 | F3: 5 | G3: =VLOOKUP(E3*F3,'riesgo inherente-Anexo '!$C$4:$D$28,2,TRUE) -> Crítico | H3: No existen | I3: Coordinador de Riesgos | J3: Permanente | K3: Preventivo | L3: Media | M3: 5 | N3: 5 | O3: =VLOOKUP((E3*F3)-(M3*N3),'riesgo inherente-Anexo '!C2:D28,2,TRUE) -> Bajo | P3: Capacitación en riesgo público y tránsito | Q3: Asistente de Gerencia | R3: Baja | S3: Asistente de Gerencia | T3: 44896 | U3: Implementación
A4: O | B4: Operativo | C4: Formulario de solicitud incompleto o con espacios en blanco sin rellenar y campos del sistema incorrectos. Esto puede generar dificultades para la recuperación de los creditos (MORA) | D4: No se revisa el diligenciamiento de la solicitud de crédito | E4: 3 | F4: 3 | G4: =VLOOKUP(E4*F4,'riesgo inherente-Anexo '!$C$4:$D$28,2,TRUE) -> Moderado | H4: Afiliación al sistema general de salud en Colombia | I4: Coordinador de Riesgos | J4: Anual | K4: Preventivo | L4: Baja | M4: 1 | N4: 1 | O4: =VLOOKUP((E4*F4)-(M4*N4),'riesgo inherente-Anexo '!C2:D28,2,TRUE) -> Moderado | P4: Campaña de vacunación | Q4: Asistente de Gerencia | R4: Alta | S4: Asistente de Gerencia | T4: 44896 | U4: Implementación
A5: O | B5: Operativo | C5: Analisis incorrecto del Asociado por procesar documentación falsa, erronea o vencida | D5: No se verifca la documentación de las solicitudes de créditos | E5: 3 | F5: 1 | G5: =VLOOKUP(E5*F5,'riesgo inherente-Anexo '!$C$4:$D$28,2,TRUE) -> Bajo | H5: Pausas activas, capacitación en Seguridad y Salud en el Trabajo, examen de salud ocupacional | I5: Coordinador de Riesgos | J5: Periódico | K5: Preventivo | L5: Alta | M5: 4 | N5: 4 | O5: =VLOOKUP((E5*F5)-(M5*N5),'riesgo inherente-Anexo '!C2:D28,2,TRUE) -> Bajo | P5: Subsidio parcial plan de medicina prepagada COOMEVA | Q5: Asistente de Gerencia | R5: Baja | S5: Asistente de Gerencia | T5: 44896 | U5: Implementación
A6: O | B6: Operativo | C6: - No tener el cierre de cartera en los primeros 10 días del mes - El empleado de cartera no envía el reporte a las centrales de información. | D6: Falta lista de chequeo de las tareas del área de cartera | E6: 1 | F6: 5 | G6: =VLOOKUP(E6*F6,'riesgo inherente-Anexo '!$C$4:$D$28,2,TRUE) -> Bajo | H6: Se tiene procedimiento establecido para la contratación de personal / Prueba psicológica con empresa externa / Entrevista y Prueba técnica realizada por la administración / Verificación de referencias | I6: Gerencia | J6: Esporádico | K6: Preventivo | L6: Alta | M6: 4 | N6: 3 | O6: =VLOOKUP((E6*F6)-(M6*N6),'riesgo inherente-Anexo '!C2:D28,2,TRUE) -> Bajo | P6: Ninguno | Q6: Gerencia | R6: Baja | S6: Asistente de Gerencia | T6: 44896 | U6: Implementación
A7: O | B7: Operativo | C7: El análista de crédito no verifica el cumplimiento del reglamento de crédito | D7: No hay una revisipon previa de los créditos análizados | E7: 1 | F7: 5 | G7: =VLOOKUP(E7*F7,'riesgo inherente-Anexo '!$C$4:$D$28,2,TRUE) -> Bajo | H7: Capacitación anual en SARLAFT / Asistencia a Diplomados y seminarios de coyuntura del personal CLAVE: Contador, Gerente, Riesgos / capacitaciones para mejorar competencias del personal en temas relacionados con motivación, servicio al cliente etc. / Profesionalización de Directivos y Empleados | I7: Gerencia | J7: Periódico | K7: Preventivo | L7: Alta | M7: 5 | N7: 5 | O7: =VLOOKUP((E7*F7)-(M7*N7),'riesgo inherente-Anexo '!C2:D28,2,TRUE) -> Bajo | P7: No se requiere | Q7: Asistente de Gerencia | R7: Alta | S7: Asistente de Gerencia | T7: 44896 | U7: Implementación
A8: O | B8: Operativo | C8: Riesgo de imagen de la Entidad | D8: Ho hay una organización de los documentos solicitados | E8: 1 | F8: 1 | G8: =VLOOKUP(E8*F8,'riesgo inherente-Anexo '!$C$4:$D$28,2,TRUE) -> Bajo | H8: No existe | I8: Coordinador de Riesgos | J8: Anual | K8: Preventivo | L8: Alta | M8: 4 | N8: 4 | O8: =VLOOKUP((E8*F8)-(M8*N8),'riesgo inherente-Anexo '!C2:D28,2,TRUE) -> Bajo | P8: Taller individual diagnostico y plan de crecimiento personal | Q8: Asistente de Gerencia | R8: Baja | S8: Asistente de Gerencia | T8: 44896 | U8: Implementación
A9: O | B9: Operativo | C9: Proporcionar información erronea para omitir las garantias | D9: No hay un calculo de las garantias en el formato de análisis | E9: 1 | F9: 2 | G9: =VLOOKUP(E9*F9,'riesgo inherente-Anexo '!$C$4:$D$28,2,TRUE) -> Bajo | H9: Manejo de caja fuerte con camara y clave a cargo del Tesorero, camara de video en el área de Tesorería / Sistema de Alarmas para ingreso y salida de personal / Arqueo diario de Tesorero y Arqueo mensual sorpresivo al Tesorero / Inversiones en titulos desmaterializados y FIC | I9: Asistente de Gerencia | J9: Permanente | K9: Detectivo | L9: Alta | M9: 4 | N9: 4 | O9: =VLOOKUP((E9*F9)-(M9*N9),'riesgo inherente-Anexo '!C2:D28,2,TRUE) -> Bajo | P9: No se requiere | Q9: Gerencia | R9: Alta | S9: Asistente de Gerencia | T9: 44896 | U9: Implementación
A10: O | B10: Operativo | C10: Falta de controles, ocasiona creditos de dificil recuperación. | D10: No hay lista de chequeo al momento del desembolso de la documentación requerida. | E10: 1 | F10: 3 | G10: =VLOOKUP(E10*F10,'riesgo inherente-Anexo '!$C$4:$D$28,2,TRUE) -> Bajo | H10: Manuales de funciones y procedimientos | I10: Gerencia y Bienestar Social | J10: Esporádico | K10: Preventivo | L10: Baja | M10: 1 | N10: 3 | O10: =VLOOKUP((E10*F10)-(M10*N10),'riesgo inherente-Anexo '!C2:D28,2,TRUE) -> Bajo | P10: Actualización de manuales de funciones y procedimientos | Q10: Gerencia | R10: Baja | S10: Asistente de Gerencia | T10: 44896 | U10: Implementación
A11: O | B11: Operativo | C11: Falta de supervisión en el proceso de creación de prestamos | D11: No se verifica el monto aprobado por el comité correspondiente. | E11: 1 | F11: 3 | G11: =VLOOKUP(E11*F11,'riesgo inherente-Anexo '!$C$4:$D$28,2,TRUE) -> Bajo | H11: Salarios fijos y capacitaciones motivacionales | I11: Gerencia | J11: Permanente | K11: Preventivo | L11: Alta | M11: 3 | N11: 3 | O11: =VLOOKUP((E11*F11)-(M11*N11),'riesgo inherente-Anexo '!C2:D28,2,TRUE) -> Bajo | P11: No se requiere | Q11: Asistente de Gerencia | R11: Baja | S11: Asistente de Gerencia | T11: 44896 | U11: Implementación
A12: O | B12: Operativo | C12: Falta de conciliación de los registros contables y las diferencias no investigadas | D12: No se revisa el cierre de cartera | E12: 1 | F12: 2 | G12: =VLOOKUP(E12*F12,'riesgo inherente-Anexo '!$C$4:$D$28,2,TRUE) -> Bajo | H12: Baja rotación de personal / los retiros han sido renuncias voluntarias | I12: Gerencia | J12: Esporádico | K12: Preventivo | L12: Alta | M12: 4 | N12: 3 | O12: =VLOOKUP((E12*F12)-(M12*N12),'riesgo inherente-Anexo '!C2:D28,2,TRUE) -> Bajo | P12: Asesoramiento legal en caso de terminación con justa causa / "Conciliación" laboral ante ministerio de trabajo por terminación potencialmente litigiosa | Q12: Gerencia | R12: Media | S12: Asistente de Gerencia | T12: 44896 | U12: Implementación
A13: O | B13: Legal / Operativo | C13: Falta de colocación de prestamos a tasas adecuadas | D13: No se calcula la tasa promedio ponderada de los productos activos (créditos) y pasivos (depositos y cdat) | E13: 2 | F13: 2 | G13: =VLOOKUP(E13*F13,'riesgo inherente-Anexo '!$C$4:$D$28,2,TRUE) -> Bajo | H13: Manuales de funciones y procedimientos | I13: Gerencia | J13: Esporádico | K13: Detectivo | L13: Alta | M13: 4 | N13: 3 | O13: =VLOOKUP((E13*F13)-(M13*N13),'riesgo inherente-Anexo '!C2:D28,2,TRUE) -> Bajo | P13: Independizar el Area de Gestión de Riesgos de las labores operativas | Q13: Gerencia y Consejo | R13: Media | S13: Asistente de Gerencia | T13: 44896 | U13: Implementación
A14: O | B14: Legal / Operativo | C14: Iliquidez y perdida por la constitución de provisiones | D14: Falta manual de cobro de cartera | E14: 1 | F14: 5 | G14: =VLOOKUP(E14*F14,'riesgo inherente-Anexo '!$C$4:$D$28,2,TRUE) -> Bajo | H14: Contar con un canal de comunicación eficaz que le permita a todo el personal tener la posibilidad y la confianza para denunciar cualquier abuso o acoso / Capacitación anual sobre acoso laboral y sexual | I14: Gerencia | J14: Anual | K14: Preventivo | L14: Alta | M14: 2 | N14: 2 | O14: =VLOOKUP((E14*F14)-(M14*N14),'riesgo inherente-Anexo '!C2:D28,2,TRUE) -> Bajo | P14: No se requiere | Q14: Gerencia | R14: Media | S14: Asistente de Gerencia | T14: 44896 | U14: Implementación
A15: O | B15: Operativo | C15: Fraude | D15: Falta de controles en el cumplimiento de los reglamentos | E15: 1 | F15: 3 | G15: =VLOOKUP(E15*F15,'riesgo inherente-Anexo '!$C$4:$D$28,2,TRUE) -> Bajo | H15: Las políticas de captación y colocación así como las condiciones de los productos se fijan por la Junta Directiva y la Gerencia y los empleados deben aplicarlas sin interpretación o modificación / Entrenamiento al momento de la vinculación / Acceso a los manuales de funciones y procedimientos / parametrización del sistema que no puede ser manipulada por los empleados / Revisoría Fiscal | I15: Consejo, Gerencia, Riesgos | J15: Permanente | K15: Preventivo | L15: Alta | M15: 5 | N15: 5 | O15: =VLOOKUP((E15*F15)-(M15*N15),'riesgo inherente-Anexo '!C2:D28,2,TRUE) -> Bajo | P15: No se requiere | Q15: Asistente de Gerencia | R15: Media | S15: Asistente de Gerencia | T15: 44896 | U15: Implementación
A16: O | B16: Operativo | C16: Vulnerabilidad a operaciones de Lavado de Dinero | D16: Falta de análisis del destino del crédito | E16: 1 | F16: 3 | G16: =VLOOKUP(E16*F16,'riesgo inherente-Anexo '!$C$4:$D$28,2,TRUE) -> Bajo | H16: Revisión de los reglamentos y políticas actuales con respecto de la normatividad vigente / Consejo de Administración solo evalúa excepciones / La entidad cuenta con código de buen Gobierno para el manejo de los conflictos de interés / La entidad tiene un comité de crédito plural e independiente del Consejo compuesto por asociados sin voto de los empleados | I16: Gerencia | J16: Permanente | K16: Preventivo | L16: Alta | M16: 5 | N16: 5 | O16: Bajo | P16: No se requiere | Q16: Gerencia | R16: Alta | S16: Asistente de Gerencia | T16: 44896 | U16: Implementación
A17: O | B17: Legal | C17: Vulnerabilidad a operaciones de Lavado de Dinero y activos | D17: No se verifica en listas vinculantes los terceros a los cuales se les gira cheques | E17: 3 | F17: 2 | G17: =VLOOKUP(E17*F17,'riesgo inherente-Anexo '!$C$4:$D$28,2,TRUE) -> Moderado | H17: Selección de personal con experiencia, revisión de manuales de funciones y procesos, revisión de las operaciones y conciliaciones, estados financieros por parte de Contabilidad y la Revisoría Fiscal / Automatización de procesos críticos de causación y registro contable que reducen los errores | I17: Contabilidad | J17: Periódico | K17: Detectivo | L17: Alta | M17: 4 | N17: 4 | O17: =VLOOKUP((E17*F17)-(M17*N17),'riesgo inherente-Anexo '!C2:D28,2,TRUE) -> Bajo | P17: No se requiere | Q17: Contabilidad | R17: Media | S17: Asistente de Gerencia | T17: 44896 | U17: Implementación
A18: O | B18: Operativo | C18: Fraude e incremento en los costos | D18: No se verifica el 100% de la información entregada por los comerciales | E18: 1 | F18: 3 | G18: =VLOOKUP(E18*F18,'riesgo inherente-Anexo '!$C$4:$D$28,2,TRUE) -> Bajo | H18: Selección de personal con experiencia, revisión de manuales de funciones y procesos, revisión de las operaciones por parte de Contabilidad y la Revisoría Fiscal / Revisión de documentación y actualización de formatos y pagarés por Abogados Especializados | I18: Contabilidad | J18: Permanente | K18: Detectivo | L18: Alta | M18: 4 | N18: 4 | O18: =VLOOKUP((E18*F18)-(M18*N18),'riesgo inherente-Anexo '!C2:D28,2,TRUE) -> Bajo | P18: Capacitación Formal en diligenciamiento de títulos valores | Q18: Contabilidad | R18: Media | S18: Asistente de Gerencia | T18: 44896 | U18: Implementación
A19: O | B19: Legal | C19: Cifras financieras de la cartera irreales y perdidas. | D19: No se marcan los créditos reestructurados | E19: 1 | F19: 2 | G19: =VLOOKUP(E19*F19,'riesgo inherente-Anexo '!$C$4:$D$28,2,TRUE) -> Bajo | H19: Empleados con buen nivel de formación y experiencia, baja rotación, Actualización, difusión de manuales de funciones y procesos / Promociones de cargos vacantes con personal de la entidad que cumple el perfil para ser ascendido / Se cuenta con Supernumerario para reemplazos en vacaciones | I19: Gerencia | J19: Periódico | K19: Preventivo | L19: Alta | M19: 5 | N19: 5 | O19: =VLOOKUP((E19*F19)-(M19*N19),'riesgo inherente-Anexo '!C2:D28,2,TRUE) -> Bajo | P19: Capacitación, actualización y reentrenamiento | Q19: Gerencia | R19: Media | S19: Asistente de Gerencia | T19: 44896 | U19: Implementación
A20: O | B20: Legal | C20: Multas y sanciones | D20: Publicidad engañosa o no informar las condiciones de los productos. | E20: 1 | F20: 3 | G20: =VLOOKUP(E20*F20,'riesgo inherente-Anexo '!$C$4:$D$28,2,TRUE) -> Bajo | H20: Actualización, difusión de manuales de funciones y procesos | I20: Gerencia | J20: Periódico | K20: Preventivo | L20: Alta | M20: 3 | N20: 3 | O20: =VLOOKUP((E20*F20)-(M20*N20),'riesgo inherente-Anexo '!C2:D28,2,TRUE) -> Bajo | P20: Actualización de manuales de funciones y procedimientos de acuerdo a los ajustes que requiere el nuevo software | Q20: Gerencia | R20: Media | S20: Asistente de Gerencia | T20: 44896 | U20: Implementación
A21: O | B21: Legal | C21: Sanciones y multas | D21: Cobrar tasas por encima de la usura o costos adicionales a los Asociados | E21: 2 | F21: 2 | G21: =VLOOKUP(E21*F21,'riesgo inherente-Anexo '!$C$4:$D$28,2,TRUE) -> Bajo | H21: Se manejan consecutivos para cada tipo de formatos y un control de los mismos por cada responsable de los procesos / Pagarés de la Cartera en la Bóveda | I21: Gerencia | J21: Permanente | K21: Detectivo | L21: Alta | M21: 4 | N21: 4 | O21: =VLOOKUP((E21*F21)-(M21*N21),'riesgo inherente-Anexo '!C2:D28,2,TRUE) -> Bajo | P21: Digitalización de documentación contable con SOFTWARE especializado / Pagaré Desmaterializado DECEVAL | Q21: Gerencia | R21: Alta | S21: Asistente de Gerencia | T21: 44896 | U21: Implementación
A22: O | B22: Legal | C22: Concentración de créditos en un solo sector económico puede tener efectos negativos en la liquidez de la Cooperativa | D22: Falta de seguimiento a los indicadores de crédito. | E22: 2 | F22: 3 | G22: =VLOOKUP(E22*F22,'riesgo inherente-Anexo '!$C$4:$D$28,2,TRUE) -> Moderado | H22: Implementación de sistema integral de administración de riesgos (SIAR) / Comités integrados por Empleado de Riesgos con capacitación y experiencia + Directivos y Asociados | I22: Gerencia | J22: Periódico | K22: Preventivo | L22: Alta | M22: 3 | N22: 3 | O22: =VLOOKUP((E22*F22)-(M22*N22),'riesgo inherente-Anexo '!$C$2:$D$28,2,TRUE) -> Bajo | P22: Capacitación a integrantes de Comités / Evaluacion implementación software especializado en riesgos para el sector solidario | Q22: Gerencia | R22: Alta | S22: Asistente de Gerencia | T22: 44896 | U22: Implementación
A23: O | B23: Operativo | C23: Que la información de los expedientes de la Cooperativa esten desactualizados, dispersos y deteriorados. Que no esten ordenados de acuerdo a la fecha de otorgamiento del credito. | D23: Falta de organización del archivo y de actualización anual de los datos de los Asociados | E23: 1 | F23: 1 | G23: =VLOOKUP(E23*F23,'riesgo inherente-Anexo '!$C$4:$D$28,2,TRUE) -> Bajo | H23: Implementación de SARLAFT para conocimiento del cliente especialmente PEP´s y personas jurídicas proveedores, asociados o pagadurías / Los principios cooperativos implican igualdad, no discriminación y Universalidad, por lo que al interior de la entidad no se puede adelantar actividades proselitistas / Difusión de actividades o proyectos realizados a través de Canal Comunitario | I23: Gerencia | J23: Permanente | K23: Preventivo | L23: Alta | M23: 1 | N23: 1 | O23: =VLOOKUP((E23*F23)-(M23*N23),'riesgo inherente-Anexo '!$C$2:$D$28,2,TRUE) -> Bajo | P23: No se requiere | Q23: Asistente de Gerencia | R23: Baja | S23: Asistente de Gerencia | T23: 44896 | U23: Implementación
A24: R | B24: Operativo | C24: Destrucción, pérdida, deterioro, de los pagarés. Garantías o expedientes | D24: Falta controles de acceso físico a los expedientes y de un sistema de gestión documental adecuado. Incendios, inundaciones, terremotos, terrorismo, asonadas. | E24: 5 | F24: 5 | G24: =VLOOKUP(E24*F24,'riesgo inherente-Anexo '!$C$4:$D$28,2,TRUE) -> Crítico | H24: La cooperativa tiene expedientes físicos de cada asociado al interior de cada agencia al cual pueden acceder libremente todos los empleados de la entidad, pero los pagarés originales, hipotecas, prendas y demás garantías están en un archivo físico centralizado con acceso restringido. | I24: Archivo | J24: Permanente | K24: Preventivo | L24: Media | M24: 3 | N24: 3 | O24: =VLOOKUP((E24*F24)-(M24*N24),'riesgo inherente-Anexo '!$C$2:$D$28,2,TRUE) -> Crítico | P24: Digitalización de documentación contable con SOFTWARE especializado / Pagaré Desmaterializado DECEVAL | Q24: Archivo | R24: Alta | S24: Riesgos | T24: 44896 | U24: Planeación
A25: O | B25: Operativo | C25: Mal diligenciamiento de los documentos contentivos de la deuda como el pagaré | D25: La firma y la huella no se estampa en presencia de un funcionario de la entidad | E25: 5 | F25: 5 | G25: =VLOOKUP(E25*F25,'riesgo inherente-Anexo '!$C$4:$D$28,2,TRUE) -> Crítico | H25: Cuando se envian por correo deben venir autenticaso ante NOTARIA | I25: Archivo | J25: Permanente | K25: Preventivo | L25: Media | M25: 3 | N25: 3 | O25: =VLOOKUP((E25*F25)-(M25*N25),'riesgo inherente-Anexo '!$C$2:$D$28,2,TRUE) -> Crítico | P25: Digitalización de documentación contable con SOFTWARE especializado / Pagaré Desmaterializado DECEVAL | Q25: Archivo | R25: Alta | S25: Riesgos | T25: 44896 | U25: Planeación
A26: R | B26: Operativo | C26: Deudores declarados insolventes o autoembargados | D26: No se evalua adecuadamente el nivel de endeudamiento, carga financiera y hábito de pago al momento del otorgamiento | E26: 5 | F26: 5 | G26: =VLOOKUP(E26*F26,'riesgo inherente-Anexo '!$C$4:$D$28,2,TRUE) -> Crítico | H26: limites por linea y por deudor | I26: Archivo | J26: Permanente | K26: Preventivo | L26: Media | M26: 3 | N26: 3 | O26: =VLOOKUP((E26*F26)-(M26*N26),'riesgo inherente-Anexo '!$C$2:$D$28,2,TRUE) -> Crítico | P26: Identificar potenciales insolventes en la evalución de cartera para restringir aumento de endeudamiento, brindar opciones de saneamiento o inclusive retiro voluntario | Q26: Riesgos | R26: Alta | S26: Riesgos | T26: 44896 | U26: Planeación
A27: R | B27: Operativo | C27: Pagarés prescriben | D27: No se inician a tiempo los procesos de ejecución de garantías | E27: 1 | F27: 5 | G27: =VLOOKUP(E27*F27,'riesgo inherente-Anexo '!$C$4:$D$28,2,TRUE) -> Bajo | H27: Cobranza coactiva especializada con abogados externos | I27: Archivo | J27: Permanente | K27: Preventivo | L27: Media | M27: 3 | N27: 3 | O27: =VLOOKUP((E27*F27)-(M27*N27),'riesgo inherente-Anexo '!$C$2:$D$28,2,TRUE) -> Bajo | P27: aprovechar ley de borron y cuenta nueva para ofrecer plan de pago de obligaciones irrecuperables o castigads | Q27: Riesgos | R27: Alta | S27: Riesgos | T27: 44896 | U27: Planeación
A28: O | B28: Credito | C28: Temas climaticos afectan la cosecha con la cual se paga el credito | D28: Cambio climatico | E28: 3 | F28: 3 | G28: =VLOOKUP(E28*F28,'riesgo inherente-Anexo '!$C$4:$D$28,2,TRUE) -> Moderado | H28: POLIA CLIMATICA | I28: Analista de crédito | J28: Permanente | K28: Preventivo | L28: Alta | M28: 1 | N28: 1 | O28: =VLOOKUP((E28*F28)-(M28*N28),'riesgo inherente-Anexo '!$C$2:$D$28,2,TRUE) -> Moderado | P28: ???? | Q28: Jefe de Cartera | R28: Media | S28: Riesgos | T28: 44896 | U28: Planeación
A29: O | B29: Credito | C29: Que el promedio de ingreso variable de los asociados con credito de libranza disminuya y no se efectue la totalidad de los descuentos de nomina | D29: La disminucion en la actividad productiva de la empresa o programas de recorte de gastos y mejora de eficiencia | E29: 5 | F29: 3 | G29: =VLOOKUP(E29*F29,'riesgo inherente-Anexo '!$C$4:$D$28,2,TRUE) -> Alto | H29: Para analizar la capacidad de descuento solo se toma el 50% de los ingresos variables y se envia previamente al departamento de nomina de la patronal la libranza para que sea aprobada previamente, es decir, para que certifiquen la capacidad de descuento | I29: Analista de crédito | J29: Permanente | K29: Preventivo | L29: Alta | M29: 5 | N29: 1 | O29: =VLOOKUP((E29*F29)-(M29*N29),'riesgo inherente-Anexo '!$C$2:$D$28,2,TRUE) -> Moderado | P29: En caso de que se presente, antes de que llegue a los 60 días de mora, se le ofrece la refinanciación de sus obligaciones y en casos extremos el retiro voluntario para crude de aportes y ahrro permanentes y reefinanciacion del saldo por libranza | Q29: Jefe de Cartera | R29: Media | S29: Riesgos | T29: 44896 | U29: Planeación

Sheet riesgo inherente-Anexo 
A1: Proabilidad | B1: Severidad | C1: SCORE | D1: Riesgo Inherente | F1: Riesgo Inherente | G1: Frecuencia Control | H1: Tipo de Control | I1: Efectividad | J1: Estado Implementación | K1: Clasificación del Riesgo
A2: 0 | B2: 0 | C2: -999 | D2: Bajo | F2: Bajo | G2: Permanente | H2: Detectivo | I2: Alta | J2: Planeación | K2: FI: Fraude Interno
A3: 0 | B3: 1 | C3: 0 | D3: Bajo | F3: Moderado | G3: Periódico | H3: Preventivo | I3: Media | J3: Diseño | K3: FE: Fraudes Externos
A4: 1 | B4: 1 | C4: =+A4*B4 -> 1 | D4: Bajo | F4: Alto | G4: Esporádico | I4: Baja | J4: Pruebas | K4: RL: Relaciones Laborales
A5: 1 | B5: 2 | C5: =+A5*B5 -> 2 | D5: Bajo | F5: Crítico | G5: Anual | J5: Implementación | K5: C: Clientes
A6: 2 | B6: 1 | C6: =+A6*B6 -> 2 | D6: Bajo | G6: Unica | J6: Funcionamiento | K6: DAF: Daños Activos Físicos
A7: 1 | B7: 3 | C7: =+A7*B7 -> 3 | D7: Bajo | K7: FT: Fallas Tecnológicas
A8: 3 | B8: 1 | C8: =+A8*B8 -> 3 | D8: Bajo | K8: EAP: Ejecución y Administración de Procesos
A9: 1 | B9: 4 | C9: =+A9*B9 -> 4 | D9: Bajo
A10: 2 | B10: 2 | C10: =+A10*B10 -> 4 | D10: Bajo
A11: 4 | B11: 1 | C11: =+A11*B11 -> 4 | D11: Bajo
A12: 1 | B12: 5 | C12: =+A12*B12 -> 5 | D12: Bajo
A13: 5 | B13: 1 | C13: =+A13*B13 -> 5 | D13: Bajo
A14: 2 | B14: 3 | C14: =+A14*B14 -> 6 | D14: Moderado
A15: 3 | B15: 2 | C15: =+A15*B15 -> 6 | D15: Moderado
A16: 2 | B16: 4 | C16: =+A16*B16 -> 8 | D16: Moderado
A17: 4 | B17: 2 | C17: =+A17*B17 -> 8 | D17: Moderado
A18: 3 | B18: 3 | C18: =+A18*B18 -> 9 | D18: Moderado
A19: 2 | B19: 5 | C19: =+A19*B19 -> 10 | D19: Moderado
A20: 5 | B20: 2 | C20: =+A20*B20 -> 10 | D20: Moderado
... A28: 5 | B28: 5 | C28: =+A28*B28 -> 25 | D28: Crítico

Sheet Codificacion
B1: PROBABILIDAD | E1: IMPACTO | F1: SMLMV
A2: 1 | B2: 1. Improbable | E2: 1. Insignificante | F2: Hasta 10
A3: 2 | B3: 2. Raro | E3: 2. Menor | F3: >10-30
A4: 3 | B4: 3. Potencia | E4: 3. Moderado | F4: >30-100
A5: 4 | B5: 4. Probable | E5: 4. Mayor | F5: >100-300
A6: 5 | B6: 5. Casi Certeza | E6: 5. Catastrófico | F6: >300
